 Dungeon Crawl Stone Soup version 0.30.0-29-ga12c61a403 (webtiles) character file.

Game seed: 13519022235836083088

44 qw the Chopper (level 3, -3/23 HPs)
             Began as a Gargoyle Fighter on June 5, 2023.
             Slain by a gnoll
             ... wielding a +0 spear
              (5 damage)
             ... on level 2 of the Dungeon.
             The game lasted 00:00:31 (973 turns).

qw the Chopper (Gargoyle Fighter)                    Turns: 973, Time: 00:00:32

Health: -3/23      AC: 10    Str: 21    XL:     3   Next: 62%
Magic:  3/3        EV:  9    Int:  8    God:
Gold:   39         SH:  4    Dex:  9    Spells: 2/2 levels left

rFire   . . .        Y - +0 war axe
rCold   . . .        c - +0 buckler
rNeg    + . .        b - +0 scale mail
rPois   inf          (no helmet)
rElec   +            (no cloak)
rCorr   .            (no gloves)
SInv    .            (no boots)
Will    .....        (no amulet) Stlth
                     (no ring)
HPRegen 0.23/turn    (no ring)
MPRegen 0.08/turn

%: no passive effects
@: no status effects
A: sickness immunity, AC +3, negative energy resistance 1, electricity
resistance, torment resistance 1, petrification resistance
a: no special abilities


You were on level 2 of the Dungeon.
You visited 1 branch of the dungeon, and saw 2 of its levels.

You collected 39 gold pieces.


Innate Abilities, Weirdness & Mutations

You are immune to sickness and miasma.
Your stone body is resilient. (AC +3)
You are immune to poison.
You resist negative energy. (rN+)
You are resistant to electric shocks. (rElec)
You are resistant to unholy torment.
You are immune to petrification.


   Skills:
 - Level 3.2 Fighting
 + Level 3.5 Axes
 - Level 3.2 Armour
 - Level 3.2 Shields


You had 2 spell levels left.
You didn't know any spells.
Your spell library was empty.

Inventory:

Hand Weapons
 h - a +0 whip
 Y - a +0 war axe (weapon)
Armour
 b - a +0 scale mail (worn)
 c - a +0 buckler (worn)
Potions
 d - a potion of might
 g - a potion of attraction {unknown}
 i - a potion of brilliance {unknown}
 j - a potion of degeneration {unknown}
 k - a potion of lignification {unknown}

Dungeon Overview and Level Annotations

Branches:
Dungeon (2/15)

Altars:


Message History

Enter note:
Enter note:
Enter note: Partly explored, can't reach some places.
834 ||| DRINKING 4 coppery potions.
It was a potion of flight.
You feel very buoyant.
You fly up into the air.
Partly explored, can't reach some places.
835 ||| DROPPING 3 potions of flight.
You drop 3 potions of flight.
Partly explored, can't reach some places.
(D) Dungeon
Where to? (* - list waypoints, ? - help)
What level of the Dungeon? (default 1, ? - help)
You see here a hobgoblin skeleton.
There is a stone staircase leading down here.
You fly downwards.
There is a stone staircase leading up here.
Waypoint 1 assigned to D:2.
You are starting to lose your buoyancy.
You float gracefully downwards.
A gnoll comes into view. It is wielding a +0 club.
The gnoll shouts!
A gnoll comes into view. It is wielding a +0 spear. x2
Enter note: The gnoll hits you from afar with a +0 spear.
The gnoll hits you but does no damage. The gnoll hits you with a +0 spear.
You block the gnoll's attack.
You barely miss the gnoll. You closely miss the gnoll.
You barely miss the gnoll. The gnoll hits you with a +0 spear.
The gnoll barely misses you. The gnoll hits you with a +0 club.
You barely miss the gnoll. x3
The gnoll closely misses you. The gnoll hits you but does no damage.
The gnoll barely misses you.
You hit the gnoll.
The gnoll is lightly wounded.
You barely miss the gnoll. x2
The gnoll hits you but does no damage. x3; The gnoll hits you with a +0 club.
The gnoll hits you with a +0 spear. x2
You die...

#..#.# #..#.#
#..#.# #..#.# #
#....#.# #....#.#
#..ggg.# #@# #.#
#.# #.# #.# ##.#
#..# #.##
###############.#


You could see 3 gnolls.

Vanquished Creatures
  3 dart slugs (D:1)
  A ball python (D:1)
  4 endoplasms (D:1)
  8 giant cockroaches (D:1)
  2 goblins (D:1)
  2 hobgoblins (D:1)
  3 quokkas (D:1)
  4 bats (D:1)
  A frilled lizard (D:1)
  4 kobolds (D:1)
  2 rats (D:1)
34 creatures vanquished.

Notes
Turn   | Place    | Note
-------+----------+-------------------------------------------
     0 | D:1      | qw the Gargoyle Fighter began the quest for the Orb.
     0 | D:1      | Reached XP level 1. HP: 14/14 MP: 1/1
     0 | D:1      | 0 ||| qw: Version: 0.2-a-108-gee2c290
     0 | D:1      | 0 ||| qw: Game counter: 1327
     0 | D:1      | 0 ||| qw: Always use a shield: true
     0 | D:1      | 0 ||| qw: God list: Okawaru
     0 | D:1      | 0 ||| qw: Allow faded altars: false
     0 | D:1      | 0 ||| qw: Do Orc after D:15 true
     0 | D:1      | 0 ||| qw: Do second Lair branch before Depths: true
     0 | D:1      | 0 ||| qw: Lair rune preference: random
     0 | D:1      | 0 ||| qw: Plans: Normal, Zot:1-4, Slime:5, God:TSO, Crypt,
                  | Tomb, Abyss, Pan, Hells, Win
     0 | D:1      | 0 ||| PLANNING D:1-11
   139 | D:1      | Reached XP level 2. HP: 19/19 MP: 2/2
   181 | D:1      | 181 ||| DROPPING +0 club.
   230 | D:1      | Reached skill level 3 in Axes
   232 | D:1      | Reached XP level 3. HP: 14/23 MP: 3/3
   832 | D:1      | 832 ||| READING scroll labelled MOTYONGEYM.
   833 | D:1      | 833 ||| READING scroll labelled ATU EPREESIEDA.
   834 | D:1      | 834 ||| DRINKING 4 coppery potions.
   835 | D:1      | 835 ||| DROPPING 3 potions of flight.
   973 | D:2      | HP: 2/23 [gnoll/+0 spear (5)]
   973 | D:2      | Slain by a gnoll

Levels and vault maps discovered:
D:1:      giann_horns, layout_basic, serial_bayou_pond_b,
          chequers_serial_rivers_large_a, minmay_worlds_worst_comb
D:2:      layout_basic, dreamdust_mushroom_princess, uniq_natasha, uniq_terence,
          uniq_robin

Skill      XL: |  1  2 |
---------------+-------+-----
Axes           | 2 3 |  3.5
Fighting       | |  3.2
Armour         | |  3.2
Shields        | |  3.2

Action                     || total
---------------------------++-------
  Melee: War axe           ||    87
    Use: Scroll            ||     2
         Potion            ||     1
 Armour: Scale mail        ||    53
  Dodge: Dodged            ||    38
  Block: Buckler           ||    15

Table legend:
 A = Non-vault XP
 B = Vault XP
 C = Vault XP percentage of total XP
 D = Non-vault monster count
 E = Vault monster count
 F = Vault count percentage of total count
                 A         B        C        D         E       F
            +---------+---------+-------+---------+---------+-------
      Total |      33 |      31 |  48.4 |      19 |      15 |  44.1
            +---------+---------+-------+---------+---------+-------
        D:1 |      33 |      31 |  48.4 |      19 |      15 |  44.1
            +---------+---------+-------+---------+---------+-------
